 Dungeon Crawl Stone Soup version 0.30.0-5-g1a98f26d00 (webtiles) character file.

Game seed: 4756116040360418302

3317 jurchenman the Thaumaturge (level 9, -1/45 HPs)
             Began as a Deep Elf Fire Elementalist on May 12, 2023.
             Slain by a skeletal warrior
             ... wielding a +0 short sword
              (15 damage)
             ... on level 8 of the Dungeon.
             The game lasted 00:29:32 (8183 turns).

jurchenman the Thaumaturge (DEFE)                   Turns: 8183, Time: 00:29:33

Health: -1/45      AC:  7    Str:  5    XL:     9   Next: 71%
Magic:  24/24      EV: 15    Int: 25    God:
Gold:   240        SH:  0    Dex: 15    Spells: 15/26 levels left

rFire   + + .        n - +10 whip of Radicalism {speed, *Rage rElec rPois rN+++}
rCold   + . .        (no shield)
rNeg    + + +        a - +0 robe
rPois   +            H - +0 helmet
rElec   +            C - scarf {rC+ rF+}
rCorr   .            (no gloves)
SInv    .            (no boots)
Will    .....        E - amulet of regeneration
Stlth   ++           q - ring of protection from fire
HPRegen 1.07/turn    z - +4 ring of protection
MPRegen 0.19/turn

%: random rage (20%)
@: no status effects
A: no striking features
a: no special abilities


You were on level 8 of the Dungeon.
You visited 2 branches of the dungeon, and saw 9 of its levels.

You collected 492 gold pieces.
You spent 252 gold pieces at shops.

Inventory:

Hand Weapons
 e - a +0 vampiric dagger
 n - the +10 whip of Radicalism (weapon) {speed, *Rage rElec rPois rN+++}
   (You found it on level 2 of the Dungeon)

   rElec:     It insulates you from electricity.
   rPois:     It protects you from poison.
   rN:        It renders you almost immune to negative energy.
   *Rage:     It berserks you when you make melee attacks (+20% chance).
 r - a +5 dagger of protection
 t - a +0 mace of protection
Missiles
 f - 130 stones
 g - 14 boomerangs
 j - 8 poisoned darts
Armour
 a - a +0 robe (worn)
 C - a scarf of resistance (worn)
 H - a +0 helmet (worn)
Magical Staves
 h - a staff of death
Jewellery
 i - a ring of poison resistance
 p - a ring of positive energy
 q - a ring of protection from fire (left hand)
 s - a +6 ring of strength
 z - a +4 ring of protection (right hand)
 B - a ring of flight
 D - an amulet of faith
 E - an amulet of regeneration (around neck)
 J - the Hermit's Pendant {Faith Invo=14 Evo=0 MP+5}
   (You found it on level 6 of the Dungeon)

   [amulet of faith]

   Invo=14: It sets your Invocations skill to 14.
   Evo=0: It sets your Evocations skill to 0.
   It allows you to gain divine favour quickly.
   MP:        It affects your magic capacity (+5).
Wands
 u - a wand of charming (1)
 y - a wand of flame (20)
Scrolls
 o - 2 scrolls of blinking
 K - a scroll of brand weapon
Potions
 b - a potion of magic
 c - 4 potions of heal wounds
 d - 3 potions of invisibility
 k - 5 potions of haste
 l - a potion of attraction {unknown}
 m - 6 potions of might
 v - 3 potions of brilliance
 w - a potion of mutation {unknown}
 A - 2 potions of cancellation {unknown}
 F - a potion of resistance {unknown}
 I - a potion of curing {unknown}


   Skills:
 + Level 6.9 Dodging
 - Level 2.4 Stealth
 + Level 9.0 Spellcasting
 + Level 7.1 Conjurations
 + Level 7.8 Fire Magic
 - Level 4.0 Air Magic
 - Level 4.3 Poison Magic


You had 15 spell levels left.
You knew the following spells:

 Your Spells              Type           Power      Damage    Failure   Level
a - Foxfire               Conj/Fire      100%       2x1d9     1%          1
b - Scorch                Fire           100%       2d9       1%          2
c - Magic Dart            Conj           100%       1d8       1%          1
d - Flame Wave            Conj/Fire      48%        2d12      2%          4
e - Mephitic Cloud        Conj/Pois/Air  37%        N/A       1%          3

Your spell library contained the following spells:

 Spells                   Type           Power      Damage    Failure   Level
 Inner Flame              Hex/Fire       30%        N/A       3%          3
 Volatile Blastmotes      Fire/Tloc      60%        2d15      3%          3
 Call Imp                 Summ           22%        N/A       9%          2
 Portal Projectile        Hex/Tloc       22%        N/A       16%         3
 Tukima's Dance           Hex            11%        N/A       16%         3
 Blade Hands              Tmut           5%         N/A       83%         5


Dungeon Overview and Level Annotations

Branches:
Dungeon (8/15)             Temple (1/1) D:5
   Lair: D:8-11

Altars:
Ashenzari
Cheibriados
Dithmenos
Elyvilon
Gozag
Hepliaklqana
Kikubaaqudgha
Makhleb
Okawaru
Qazlal
Trog
Uskayaw
Yredelemnul
Zin

Shops:
D:4 *   D:6 **

Annotations:
D:6 3 runed translucent doors, avangion's ghost, novice DECj


Message History

An ice beast comes into view.
Casting: Scorch (safe; 1% risk of failure)
Confirm with . or Enter, or press ? or * to list all spells.
You conjure some foxfire!
Casting: Foxfire (safe; 1% risk of failure)
Confirm with . or Enter, or press ? or * to list all spells.
You conjure some foxfire!
The foxfire hits the ice beast!
The ice beast melts!
The ice beast is moderately wounded.
Casting: Foxfire (safe; 1% risk of failure)
Confirm with . or Enter, or press ? or * to list all spells.
You conjure some foxfire!
The foxfire hits the ice beast but does no damage.
The ice beast is moderately wounded.
The foxfire hits the ice beast.
The ice beast is moderately wounded.
The foxfire hits the ice beast!
The ice beast melts!
The ice beast is heavily wounded.
The foxfire hits the ice beast but does no damage.
The ice beast is heavily wounded.
The foxfire hits the ice beast!
The ice beast melts!
The ice beast is almost dead.
Casting: Foxfire (safe; 1% risk of failure)
Confirm with . or Enter, or press ? or * to list all spells.
You conjure some foxfire!
The foxfire hits the ice beast.
The ice beast melts!
You kill the ice beast!
Your Spellcasting skill increases to level 9!
Your foxfire dissipates!
You start resting.
Magic restored.
Done exploring.
As you read the scroll of identify, it crumbles to dust.
v - 3 potions of brilliance
There is a stone staircase leading down here.
You climb downwards.
The skeletal warrior misses you.
The skeletal warrior hits you with a +0 short sword!
There is a stone staircase leading up, spattered with blood here.
The skeletal warrior hits you with a +0 short sword!!
The skeletal warrior hits you with a +0 short sword!
You die...

... ......# ......?
....$..
#########.......########
+.$............ #.......
#>!z.#.......#.######
#.@z.##.z..#.#
#.#...+....#.#
#.#..##....#.######
#.#................
#.#z.#######.######
#.#..# #..z....
..#..##############
###.......z........
#..........##########


You could see 3 skeletal warriors.

Vanquished Creatures
  An ugly thing (D:6)
  A hornet (D:7)
  A steam dragon (D:6)
  Menkaure (D:4)
  Edmund (D:4)
  3 water moccasins
  A sky beast (D:6)
  2 ice beasts (D:7)
  A black bear (D:7)
  A centaur (D:6)
  2 phantoms
  2 gnoll sergeants (D:6)
  2 bullfrogs
  2 scorpions (D:6)
  A wight (D:7)
  A howler monkey (D:8)
  7 hounds
  A jelly (D:5)
  3 gnoll boudas (D:6)
  A sleepcap (D:6)
  5 iguanas
  Ijyb (D:3)
  Natasha (thrice) (D:4)
  4 orc wizards
  20 gnolls
  An adder (D:3)
  A shadow imp (D:7)
  2 worms (D:2)
  2 dart slugs (D:1)
  14 orcs
  2 bats (D:1)
  10 endoplasms
  2 giant cockroaches
  7 goblins
  11 hobgoblins
  4 jackals
  5 kobolds
  4 quokkas
  2 ball pythons
  6 frilled lizards
  3 rats
144 creatures vanquished.

Vanquished Creatures (others)
  295 foxfires
295 creatures vanquished.

Grand Total: 439 creatures vanquished

Notes
Turn   | Place    | Note
-------+----------+-------------------------------------------
     0 | D:1      | jurchenman the Deep Elf Fire Elementalist began the quest
                  | for the Orb.
     0 | D:1      | Reached XP level 1. HP: 10/10 MP: 6/6
   178 | D:1      | Reached XP level 2. HP: 15/15 MP: 4/8
   211 | D:1      | Learned a level 2 spell: Scorch
  1092 | D:2      | Reached XP level 3. HP: 19/19 MP: 5/10
  1316 | D:2      | Found a faded altar of an unknown god.
  1364 | D:2      | Identified the +10 whip of Radicalism {speed, *Rage rElec
                  | rPois rN+++}
  2272 | D:3      | Reached skill level 4 in Spellcasting
  2281 | D:3      | Reached XP level 4. HP: 24/24 MP: 3/12
  2685 | D:3      | Found a snail-covered altar of Cheibriados.
  2685 | D:3      | Noticed Ijyb
  2696 | D:3      | Killed Ijyb
  2697 | D:3      | Reached XP level 5. HP: 28/28 MP: 11/14
  2802 | D:3      | Found an opulent altar of Gozag.
  3223 | D:4      | Noticed Menkaure
  3227 | D:4      | Killed Menkaure
  3228 | D:4      | Reached skill level 5 in Spellcasting
  3228 | D:4      | Reached skill level 5 in Fire Magic
  3228 | D:4      | Reached XP level 6. HP: 23/32 MP: 10/16
  3311 | D:4      | Noticed Natasha
  3319 | D:4      | Killed Natasha
  3347 | D:4      | Noticed Edmund
  3351 | D:4      | Noticed Natasha
  3354 | D:4      | Killed Edmund
  3373 | D:4      | Killed Natasha
  3374 | D:4      | Reached skill level 6 in Spellcasting
  3586 | D:4      | Found a broken altar of Ashenzari.
  3632 | D:4      | Noticed Natasha
  3635 | D:4      | Killed Natasha
  3637 | D:4      | Reached XP level 7. HP: 26/36 MP: 12/18
  3872 | D:4      | Found Pogroacs's Mass Market.
  4320 | D:5      | Entered Level 5 of the Dungeon
  4509 | D:5      | You fall into a shaft and drop 3 floors!
  4819 | D:8      | Noticed a skeletal warrior
  4849 | D:8      | Noticed a skeletal warrior
  4850 | D:8      | Noticed a skeletal warrior
  4949 | D:7      | Reached skill level 5 in Conjurations
  5119 | D:6      | Found Xyqusimu's General Store.
  5124 | D:6      | Bought a book of Minor Magic for 252 gold pieces
  5126 | D:6      | Learned a level 1 spell: Magic Dart
  5254 | D:6      | Found a runed translucent gate.
  5254 | D:6      | Found a runed translucent gate.
  5254 | D:6      | Found a runed translucent gate.
  5257 | D:6      | Found an opulent altar of Gozag.
  5257 | D:6      | Noticed a cyclops
  5260 | D:6      | Noticed avangion's ghost (novice DECj)
  5301 | D:5      | Reached skill level 7 in Spellcasting
  5378 | D:5      | Found a staircase to the Ecumenical Temple.
  5409 | Temple   | Entered the Ecumenical Temple
  5961 | D:6      | Reached XP level 8. HP: 41/41 MP: 15/20
  6032 | D:6      | Found a hazy altar of Hepliaklqana.
  6051 | D:6      | Reached skill level 5 in Dodging
  6441 | D:6      | Reached skill level 8 in Spellcasting
  6888 | D:6      | Reached XP level 9. HP: 22/45 MP: 6/23
  7086 | D:6      | Found Xiaguun's General Store.
  7099 | D:6      | Learned a level 4 spell: Flame Wave
  7103 | D:6      | Learned a level 3 spell: Mephitic Cloud
  7139 | D:6      | Found a faded altar of an unknown god.
  7139 | D:6      | Noticed a cyan ugly thing
  7139 | D:6      | Found the Hermit's Pendant {Faith Invo=14 Evo=0 MP+5}
  7145 | D:6      | Killed a cyan ugly thing
  8003 | D:7      | Reached skill level 9 in Spellcasting
  8183 | D:8      | Slain by a skeletal warrior

Illustrated notes

Levels and vault maps discovered:
D:1:      kennysheep_arrival_forest, layout_loops_ring, palyth_stone_intersect,
          grunt_decor_junction
D:2:      layout_basic, serial_curves, eino_curves_03, eino_curves_04,
          shapermc_ecumenical_altar_acropolis
D:3:      corexii_shack_village, layout_basic, nicolae_gozag_seed_capital,
          cheibriados_altar_1, minmay_misc_feat_alley, minmay_misc_feat_tiny,
          uniq_ijyb
D:4:      layout_basic, mainiacjoe_overflow_chevrons, minmay_misc_feat_doors,
          moated_statue, minmay_shop_mass, grunt_decor_resistance,
          minmay_diced_spiral, uniq_edmund, uniq_natasha, uniq_menkaure
D:5:      layout_cave_pools, temple_pool_b
D:6:      layout_cave_pools, lemuel_doored_altar, serial_gnoll_camp,
          gnoll_camp_mini_shop, gnoll_camp_medium_02, gnoll_camp_mini_hut,
          gnoll_camp_mini_doghouse, serial_shops, shop, ebering_ghost_gozag,
          st_stairs_4, hellmonk_guarded_unrand_hermit
D:7:      layout_cave_pods, st_stairs_9, corexii_corridor_pit
D:8:      layout_basic, kennysheep_dice
Temple:   zaba_magenta_temple

Skill      XL: |  1  2  3  4  5  6  7  8  9 |
---------------+----------------------------+-----
Conjurations   | 2 3 4 5 6 7 |  7.1
Spellcasting   | 4 5 6 7 8 9 |  9.0
Fire Magic     | 4 5 6 7 |  7.8
Dodging        | 3 4 6 |  6.9
Air Magic      | 4 |  4.0
Poison Magic   | 4 |  4.3
Stealth        | |  2.4

Action                     |  1- 3 |  4- 6 |  7- 9 || total
---------------------------+-------+-------+-------++-------
  Melee: Dagger            |    23 |       |       ||    23
         Whip              |     7 |    27 |    25 ||    59
   Cast: Foxfire           |    43 |    34 |    87 ||   164
         Scorch            |     5 |     7 |    80 ||    92
         Magic Dart        |       |       |    14 ||    14
    Use: Scroll            |     4 |     5 |     9 ||    18
         Potion            |       |     2 |       ||     2
   Stab: Sleeping          |     6 |     1 |     1 ||     8
 Armour: Robe              |     8 |     2 |    12 ||    22
  Dodge: Dodged            |    21 |    23 |    49 ||    93
